 Dungeon Crawl Stone Soup version 0.20.0-10-g0535bb4 (console) character file.

74 bli the Magician (level 4, -1/22 HPs)
             Began as a Tengu Venom Mage on June 3, 2017.
             Was an Initiate of Hepliaklqana.
             Killed from afar by an orc wizard (4 damage)
             ... with a magic dart
             ... on level 3 of the Dungeon.
             The game lasted 00:12:43 (1958 turns).

bli the Magician (Tengu Venom Mage)                 Turns: 1958, Time: 00:12:44

Health: -1/22      AC:  2    Str:  9    XL:     4   Next: 30%
Magic:  1/9        EV: 13    Int: 16    God:    Hepliaklqana [......]
Gold:   133        SH:  0    Dex: 14    Spells: 4/9 levels left

rFire    . . .     SeeInvis .     - Unarmed
rCold    . . .     Gourm    .   (no shield)
rNeg     . . .     Faith    .   a - +0 robe
rPois    .         Spirit   .   (helmet restricted)
rElec    .         Reflect  .   (no cloak)
rCorr    .         Harm     .   (no gloves)
MR       .....                  (boots unavailable)
Stlth    ++........             (no amulet)
Regen    0.1/turn               (no ring)
MPRegen  0.2/turn               (no ring)

@: no status effects
A: reduced essence, beak, talons 3
a: Recall Ancestor, Ancestor Identity, Renounce Religion


You were on level 3 of the Dungeon.
You worshipped Hepliaklqana.
Hepliaklqana was noncommittal.
You were not hungry.

You visited 1 branch of the dungeon, and saw 3 of its levels.

You collected 133 gold pieces.

Inventory:

Missiles
 d - 126 stones (quivered)
 k - a throwing net
Armour
 a - a +0 robe (worn)
Scrolls
 e - a scroll of remove curse {unknown}
 f - 2 scrolls of identify {unknown}
 i - 2 scrolls of blinking {unknown}
 j - a scroll of teleportation {unknown}
 n - a scroll of noise {unknown}
Potions
 h - a potion of heal wounds {unknown}
 l - a potion of brilliance {unknown}
 m - a potion of might {unknown}
Books
 b - a Young Poisoner's Handbook

   Spells                             Type                      Level
   a - Sting                          Conjuration/Poison           1
   b - Poisonous Vapours              Poison/Air                   2
   c - Mephitic Cloud                 Conjuration/Poison/Air       3
   d - Olgreb's Toxic Radiance        Poison                       4
   e - Venom Bolt                     Conjuration/Poison           5
 o - a book of Minor Magic

   Spells                             Type                      Level
   a - Magic Dart                     Conjuration                  1
   b - Blink                          Translocation                2
   c - Call Imp                       Summoning                    2
   d - Slow                           Hexes                        2
   e - Conjure Flame                  Conjuration/Fire             3
   f - Mephitic Cloud                 Conjuration/Poison/Air       3
Comestibles
 c - a bread ration
 g - a meat ration
 p - 3 chunks of flesh


   Skills:
 * Level 1.1 Fighting
 + Level 2.6 Dodging
 - Level 2.0 Stealth
 * Level 1.5 Unarmed Combat
 * Level 3.1 Spellcasting
 + Level 2.0 Conjurations
 - Level 3.0 Poison Magic


You had 4 spell levels left.
You knew the following spells:

 Your Spells              Type           Power        Failure   Level  Hunger
a - Sting                 Conj/Pois      ##..         7%          1    None
c - Mephitic Cloud        Conj/Pois/Air  #.......     28%         3    ###....
d - Magic Dart            Conj           #...         9%          1    None


Dungeon Overview and Level Annotations

Branches:
Dungeon (3/15)

Altars:
Ashenzari
Cheibriados
Elyvilon
Hepliaklqana
Makhleb
Vehumet
Zin
The Shining One


Innate Abilities, Weirdness & Mutations

You have a beak for a mouth.
You have claws for feet.
Your life essence is reduced. (-10% HP)


Message History

You hear some strange, mumbled words.
You are confused.
You bump into the rock wall.
You hear some strange, mumbled words.
Something tries to affect you, but you resist.
You bump into the rock wall.
Something hits you.
You're too confused to move!
Something hits you but does no damage.
You miss something. Something hits you but does no damage.
You hit something but do no damage.
You feel less confused. Something hits you.
* * * LOW HITPOINT WARNING * * *
Casting: Sting
Confirm with . or Enter, or press ? or * to list all spells.
Aiming: Sting
Press: ? - help, Shift-Dir - straight line You hear some strange, mumbled words.
A magic dart appears from out of thin air!
The magic dart hits you!
You die...

#...#####..............
###....###.............
####.#########...#...
#...### #...#.#..
###...####..#._.#. .
###.R.##...#.#.. ..##
#########.......#... .....##
#.....##....#.......
......)##.....#..........###
#.>...................#
######){@..##............
#.....##.........##.
########.........#
#(.......... #.........#..
#.........##. #.........# #


There were no monsters in sight!

Vanquished Creatures
  2 adders (D:2)
  A dart slug (D:2)
  A leopard gecko (D:1)
  2 orcs (D:3)
  3 giant cockroaches
  5 goblins
  4 hobgoblins
  8 jackals
  2 kobolds (D:1)
  A ball python (D:3)
  2 bats
  2 frilled lizards
  8 rats
41 creatures vanquished.

Vanquished Creatures (collateral kills)
  A leopard gecko (D:2)
  2 orcs (D:3)
  A jackal (D:2)
4 creatures vanquished.

Vanquished Creatures (others)
  An ancestor (D:3)
1 creature vanquished.

Grand Total: 46 creatures vanquished

Notes
Turn   | Place    | Note
-------+----------+-------------------------------------------
     0 | D:1      | bli the Tengu Venom Mage began the quest for the Orb.
     0 | D:1      | Reached XP level 1. HP: 10/10 MP: 4/4
   401 | D:1      | Reached XP level 2. HP: 16/16 MP: 4/6
   559 | D:1      | Reached skill level 1 in Unarmed Combat
   930 | D:2      | Found a shattered altar of Ashenzari.
   933 | D:2      | Reached XP level 3. HP: 20/20 MP: 5/7
   998 | D:2      | Found a snail-covered altar of Cheibriados.
  1045 | D:2      | Found a hazy altar of Hepliaklqana.
  1395 | D:2      | Found a burning altar of Makhleb.
  1398 | D:2      | Became a worshipper of Hepliaklqana the Forgotten
  1473 | D:2      | Found a glowing golden altar of the Shining One.
  1474 | D:2      | Found a glowing silver altar of Zin.
  1475 | D:2      | Found a white marble altar of Elyvilon.
  1511 | D:2      | Found a radiant altar of Vehumet.
  1591 | D:2      | Learned a level 3 spell: Mephitic Cloud
  1637 | D:2      | Reached skill level 1 in Fighting
  1637 | D:2      | Reached XP level 4. HP: 14/22 MP: 4/9
  1871 | D:3      | Found a faded altar of an unknown god.
  1899 | D:3      | Learned a level 1 spell: Magic Dart
  1958 | D:3      | Killed from afar by an orc wizard

Skill      XL: |  1  2  3  4 |
---------------+-------------+-----
Unarmed Combat | 1 |  1.5
Fighting       | 1 |  1.1
Conjurations   | 2 |  2.0
Spellcasting   | 3 |  3.1
Dodging        | |  2.6
Stealth        | |  2.0
Poison Magic   | |  3.0

Action                   |  1- 3 |  4- 6 || total
-------------------------+-------+-------++-------
Melee: Unarmed           |    41 |    20 ||    61
       Kick              |     8 |     5 ||    13
       Peck              |     6 |     3 ||     9
 Cast: Sting             |    68 |    17 ||    85
       Magic Dart        |       |     2 ||     2
Invok: Ancestor Identity |     1 |       ||     1
 Stab: Sleeping          |     1 |       ||     1
  Eat: Chunk             |     3 |     1 ||     4
Armor: Robe              |     7 |     9 ||    16
Dodge: Dodged            |    28 |    12 ||    40
